 Dungeon Crawl Stone Soup version 0.28.0 (webtiles) character file.

Game seed: 4154253291953023322

58 SnakkuSnakku7 the Skirmisher (level 4, 0/37 HPs)
             Began as a Merfolk Fire Elementalist on Feb 7, 2022.
             Slain by Natasha (1 damage)
             ... on level 2 of the Dungeon.
             The game lasted 00:02:55 (2149 turns).

SnakkuSnakku7 the Skirmisher (MfFE)                 Turns: 2149, Time: 00:02:56

Health: 0/37       AC: 10    Str: 10    XL:     4   Next: 1%
Magic:  7/7        EV:  1    Int: 14    God:
Gold:   99         SH:  0    Dex: 14    Spells: 6/7 levels left

rFire   . . .      SeeInvis .   e - +1 dagger (speed)
rCold   . . .      Faith    .   (no shield)
rNeg    . . .      Spirit   .   h - +0 plate armour
rPois   .          Reflect  .   (no helmet)
rElec   .          Harm     .   (no cloak)
rCorr   .          Rampage  .   (no gloves)
Will    .....                   (no boots)
Stlth   ..........              (no amulet)
HPRegen 0.12/turn               (no ring)
MPRegen 0.10/turn               (no ring)

@: flying, slowed, very slow
A: (nimble swimmer 2), mertail
a: no special abilities


You were on level 2 of the Dungeon.
You visited 1 branch of the dungeon, and saw 2 of its levels.

You collected 99 gold pieces.

Inventory:

Hand Weapons
 d - a +0 short sword
 e - a +1 dagger of speed (weapon)
Armour
 a - a +0 robe
 f - a +0 ring mail
 h - a +0 plate armour (worn)
Scrolls
 b - a scroll of enchant armour {unknown}
 c - a scroll of identify {unknown}
Potions
 g - a potion of flight


   Skills:
 + Level 3.8 Fighting
 - Level 2.6 Dodging
 - Level 2.1 Stealth
 - Level 2.0 Spellcasting
 - Level 0.7 Conjurations
 - Level 2.1 Fire Magic


You had 6 spell levels left.
You knew the following spells:

 Your Spells              Type           Power      Damage    Failure   Level
a - Foxfire               Conj/Fire      20%        2x1d5     100%        1

Your spell library contained the following spells:

 Spells                   Type           Power      Damage    Failure   Level
 Summon Small Mammal      Summ           4%         N/A       100%        1
 Scorch                   Fire           14%        2d6       100%        2
 Call Canine Familiar     Summ           1%         N/A       100%        3
 Conjure Flame            Conj/Fire      5%         6-21      100%        3
 Inner Flame              Hex/Fire       4%         N/A       100%        3
 Summon Guardian Golem    Hex/Summ       1%         N/A       100%        3
 Flame Wave               Conj/Fire      5%         2d5       100%        4


Dungeon Overview and Level Annotations

Branches:
Dungeon (2/15)

Altars:

Annotations:
D:2 Natasha


Innate Abilities, Weirdness & Mutations

((You are very nimble when in or above water. (Stealth+, EV+, Speed+++)))
Your lower body shifts to a powerful aquatic tail in water.


Message History

You barely miss Natasha.
Natasha is moderately wounded.
Natasha claws you.
* * * LOW HITPOINT WARNING * * *
You hit Natasha.
Natasha is heavily wounded.
You hit Natasha but do no damage.
Natasha is heavily wounded.
Natasha claws you but does no damage.
You hit Natasha but do no damage.
Natasha is heavily wounded.
Natasha casts a spell at you.
You feel yourself slow down.
You hit Natasha.
Natasha is severely wounded.
Natasha claws you.
* * * LOW HITPOINT WARNING * * *
Okay, then.
It was a potion of flight.
You feel very buoyant.
You fly up into the air.
Natasha claws you but does no damage.
You closely miss Natasha.
Natasha is severely wounded.
Natasha claws you but does no damage.
You hit Natasha but do no damage.
Natasha is severely wounded.
Natasha casts a spell.
You hit Natasha.
Natasha is almost dead.
Natasha casts a spell.
You closely miss Natasha.
Natasha is almost dead.
The crimson imp completely misses you. Natasha claws you.
* * * LOW HITPOINT WARNING * * *
Unknown command.
You hit Natasha but do no damage.
Natasha is almost dead.
The crimson imp hits you but does no damage.
Natasha claws you.
You die...

##### #...# #########
#...# ........####...#
#######........#
########.......#######
..............5h@....#
########..##...#5###.###
.... ##.##...+.# #...#
.... #.##...#.# ###.#
....
#.##...#.###.#.#######
....
#.##...#.##..#.......#
....
#..#...#>##..#######.#
....
##.#####.##..........#
.... . #.##.####..####


You could see an iron imp (summoned), Natasha and a crimson imp (summoned).

Vanquished Creatures
  2 adders (D:2)
  7 bats (D:1)
  5 endoplasms (D:1)
  A giant cockroach (D:2)
  3 goblins (D:1)
  3 hobgoblins
  6 jackals (D:1)
  3 quokkas
  2 frilled lizards
  3 kobolds (D:1)
  2 rats (D:1)
37 creatures vanquished.

Vanquished Creatures (collateral kills)
  7 foxfires (D:1)
7 creatures vanquished.

Vanquished Creatures (others)
  19 foxfires (D:1)
  4 toadstools (D:1)
23 creatures vanquished.

Grand Total: 67 creatures vanquished

Notes
Turn   | Place    | Note
-------+----------+-------------------------------------------
     0 | D:1      | SnakkuSnakku7 the Merfolk Fire Elementalist began the quest
                  | for the Orb.
     0 | D:1      | Reached XP level 1. HP: 13/13 MP: 3/3
   390 | D:1      | Reached skill level 1 in Fighting
   487 | D:1      | Reached XP level 2. HP: 22/22 MP: 3/5
   551 | D:1      | Reached skill level 2 in Fighting
   844 | D:1      | Reached XP level 3. HP: 19/28 MP: 6/6
   987 | D:1      | Reached skill level 3 in Fighting
  1760 | D:2      | Noticed Natasha
  2069 | D:2      | Reached XP level 4. HP: 34/37 MP: 7/7
  2148 | D:2      | HP: 1/37 [Natasha (4)]
  2149 | D:2      | Slain by Natasha

Illustrated notes

Levels and vault maps discovered:
D:1:      ldierk_walled_garden_2, layout_basic
D:2:      layout_basic, serial_shops, shop_statue, uniq_natasha

Skill      XL: |  1  2  3 |
---------------+----------+-----
Fighting       | 1 2 3 |  3.8
Dodging        | |  2.6
Stealth        | |  2.1
Spellcasting   | |  2.0
Conjurations   | |  0.7
Fire Magic     | |  2.1

Action                   |  1- 3 |  4- 6 || total
-------------------------+-------+-------++-------
Melee: Unarmed           |    15 |       ||    15
       Tailslap          |     4 |       ||     4
       Dagger            |   157 |    14 ||   171
       Short sword       |     5 |       ||     5
 Cast: Foxfire           |    16 |       ||    16
  Use: Potion            |       |     1 ||     1
 Stab: Sleeping          |     1 |       ||     1
Armor: Ring mail         |    56 |       ||    56
       Robe              |     3 |       ||     3
       Plate armour      |    22 |     8 ||    30
Dodge: Dodged            |    91 |     1 ||    92
